 Dungeon Crawl Stone Soup version 0.27-a0-538-g15ff5c5295 (webtiles) character file.

Game seed: 10041276318647565322

13520 HoaS the Grappler (level 11, 0/94 HPs)
             Began as a Demigod Gladiator on Mar 6, 2021.
             Succumbed to a killer bee's poison
             ... on level 6 of the Dungeon.
             The game lasted 00:30:36 (14361 turns).

HoaS the Grappler (Demigod Gladiator)              Turns: 14361, Time: 00:30:37

Health: 0/94       AC: 22    Str: 23    XL:     11   Next: 48%
Magic:  14/14      EV: 11    Int: 10    God:
Gold:   783        SH:  0    Dex: 19    Spells: 10/10 levels left

rFire    + . .     SeeInvis .     - Unarmed
rCold    . . .     Faith    .   (no shield)
rNeg     . . .     Spirit   .   t - +0 plate armour
rPois    +         Reflect  .   b - +2 helmet
rElec    .         Harm     .   g - scarf {+Inv}
rCorr    .         Rampage  .   A - +1 pair of gloves
Will     +....                  i - +2 pair of boots
Stlth    ..........             v - amulet of regeneration
HPRegen  1.25/turn              f - ring of protection from fire
MPRegen  0.14/turn              s - ring of poison resistance

@: lethally poisoned (0 -> -6), studying Hexes
A: high mp 1, forlorn
a: Evoke Invisibility


You were on level 6 of the Dungeon.
You visited 2 branches of the dungeon, and saw 13 of its levels.

You collected 849 gold pieces.
You spent 66 gold pieces at shops.

Inventory:

Missiles
 n - 11 boomerangs (quivered)
 u - 9 poisoned darts
 w - 15 javelins
 B - 10 curare-tipped darts
Armour
 b - a +2 helmet (worn)
 g - a scarf of invisibility (worn)
 i - a +2 pair of boots (worn)
 t - a +0 plate armour (worn)
 A - a +1 pair of gloves (worn)
Jewellery
 f - a ring of protection from fire (left hand)
 k - a ring of fire
 s - a ring of poison resistance (right hand)
 v - an amulet of regeneration (around neck)
 y - a ring of see invisible
Wands
 c - a wand of paralysis (4)
 e - a wand of acid (20)
 l - a wand of flame (19)
 C - a wand of digging (4)
 D - a wand of iceblast (8)
Scrolls
 a - 6 scrolls of teleportation
 p - a scroll of magic mapping
 q - 3 scrolls of blinking
 z - a scroll of identify
 E - a scroll of enchant armour
Potions
 d - a potion of curing
 h - a potion of ambrosia
 j - 5 potions of flight
 m - a potion of attraction
 o - 2 potions of lignification
 r - 3 potions of invisibility
 x - a potion of heal wounds


   Skills:
 + Level 7.9 Fighting
 - Level 1.7 Throwing
 + Level 7.9 Armour
 + Level 7.9 Dodging
 * Level 11.7 Unarmed Combat


You had 10 spell levels left.
You didn't know any spells.
Your spell library contained the following spells:

 Spells                   Type           Power      Damage    Failure   Level
 Freeze                   Ice            0%         1d3       99%         1
 Confusing Touch          Hex            0%         N/A       100%        3
 Frozen Ramparts          Ice            0%         1d2       100%        3
 Gell's Gravitas          Tloc           0%         N/A       100%        3
 Ozocubu's Armour         Ice            0%         N/A       100%        3
 Static Discharge         Conj/Air       0%         N/A       100%        3
 Fulminant Prism          Conj/Hex       0%         3d6       100%        4
 Hailstorm                Conj/Ice       0%         3d3       100%        4
 Iskenderun's Mystic Bla  Conj/Tloc      0%         2d3       100%        4
 Petrify                  Tmut/Erth      0%         N/A       100%        4
 Summon Ice Beast         Ice/Summ       0%         N/A       100%        4
 Lightning Bolt           Conj/Air       0%         1d11      100%        5
 Metabolic Englaciation   Hex/Ice        0%         N/A       100%        5
 Yara's Violent Unravell  Hex/Tmut       0%         3d3       100%        5


Dungeon Overview and Level Annotations

Branches:
Dungeon (12/15)            Temple (0/1) D:7            Lair (1/6) D:10
    Orc: D:9-12

Shops:
D:4 *   D:9 ?   D:10 [(?(?

Annotations:
D:6 1 transporter, PeterLawrence's ghost, novice MiFi
D:11 1 runed translucent door, adept's ghost, journeyman DDBe
Lair:1 Fannar


Innate Abilities, Weirdness & Mutations

Your attributes grow dramatically as you level up.
You have an increased reservoir of magic. (+10% MP)
You shall have no god before yourself.


Message History

You feel sick. The killer bee barely misses you.
The killer bee stings you but does no damage.
The killer bee stings you. The queen bee stings you. The killer bee stings you.
The killer bee barely misses you.
You miss the killer bee.
The killer bee is heavily wounded.
You feel sick.
The killer bee stings you but does no damage. x2
The killer bee barely misses you.
The queen bee stings you but does no damage.
The killer bee stings you but does no damage.
You punch the killer bee!
The killer bee is almost dead.
You feel sick. The killer bee completely misses you.
The killer bee barely misses you. The killer bee closely misses you.
The queen bee barely misses you. The killer bee stings you!
* * * LOW HITPOINT WARNING * * *
You barely miss the killer bee.
The killer bee is almost dead.
You feel sick.
The killer bee stings you but does no damage. x3
The killer bee barely misses you.
You closely miss the killer bee.
The killer bee is almost dead.
You feel sick.
The killer bee stings you but does no damage.
The queen bee closely misses you. The killer bee barely misses you.
The killer bee stings you but does no damage.
You closely miss the killer bee.
The killer bee is almost dead.
You feel sick. The killer bee closely misses you.
The killer bee barely misses you. The killer bee stings you!
* * * LOW HITPOINT WARNING * * *
The queen bee closely misses you. The killer bee stings you.
* * * LOW HITPOINT WARNING * * *
You are more poisoned.
The killer bee poisons you!
You miss the killer bee.
The killer bee is almost dead.
You die...

#####......##
#####...o..o....##
#.....###.###....#
#.#..#########...#
####.#.###.# #!###..#
...[.#.##..y#...##..#
####.#.##.#.###y##..#
)[.><#.##..y#.yy##..#
####.#.#?#.#.#.#@#..#
#...#y.#...#yy#..#
#..©#yy#.#.#.©#©.# #.#.#y.#.
.#..#..# #.#.#W#.# #.#.#..#
#.#.##...#...##..#
#.#.##.#####.##..#####
#...##...#...##......########
######.###.#
#.###.............#


You could see a queen bee and 4 killer bees.

Vanquished Creatures
  Urug (D:11)
  Sonja (D:11)
  A centaur zombie (D:10)
  A black mamba (Lair:1)
  Joseph (D:7)
  2 cane toads (Lair:1)
  A centaur skeleton (D:6)
  A komodo dragon (Lair:1)
  2 trolls (D:9)
  6 slime creatures (D:9)
  A wraith (D:11)
  A wyvern (D:8)
  16 yaks
  Grum (Lair:1)
  A steam dragon (D:10)
  3 water moccasins
  Duvessa (D:7)
  A black bear (D:9)
  4 orc warriors
  3 sky beasts
  2 ice beasts
  4 wolves
  6 ogres
  A centaur (D:8)
  2 phantoms
  8 bullfrogs
  5 scorpions
  Dowan (D:7)
  11 killer bees
  7 howler monkeys
  4 wights (D:8)
  An electric eel (D:10)
  A bullfrog zombie (D:7)
  9 hounds
  A quasit (D:9)
  A bullfrog skeleton (D:8)
  4 jellies
  5 orc priests
  2 iguanas
  11 orc wizards
  17 worker ants
  3 killer bee zombies
  A hound zombie (D:11)
  A hound skeleton (D:4)
  A howler monkey zombie (D:8)
  A worker ant zombie (D:5)
  4 gnolls (D:6)
  11 adders
  3 shadow imps
  6 white imps
  An ufetubus (D:7)
  3 oozes
  2 adder skeletons (D:9)
  3 worms
  5 leopard geckos
  41 orcs
  8 bats
  6 giant cockroaches
  7 hobgoblins
  9 jackals
  6 quokkas
  6 ball pythons
  2 frilled lizards
  6 goblins
  6 kobolds
  7 rats
301 creatures vanquished.

Vanquished Creatures (others)
  An orc wizard (D:9)
  10 plants
11 creatures vanquished.

Grand Total: 312 creatures vanquished

Notes
Turn   | Place    | Note
-------+----------+-------------------------------------------
     0 | D:1      | HoaS the Demigod Gladiator began the quest for the Orb.
     0 | D:1      | Reached XP level 1. HP: 17/17 MP: 3/3
   146 | D:1      | Reached skill level 3 in Unarmed Combat
   236 | D:1      | Reached XP level 2. HP: 24/24 MP: 4/4
   824 | D:2      | Reached skill level 4 in Unarmed Combat
   824 | D:2      | Reached XP level 3. HP: 8/29 MP: 5/5
  2342 | D:3      | Reached XP level 4. HP: 23/36 MP: 6/6
  2565 | D:3      | Reached skill level 5 in Unarmed Combat
  3005 | D:4      | Noticed an ogre
  3005 | D:4      | Noticed an ogre
  3013 | D:3      | Killed an ogre
  3014 | D:3      | Reached XP level 5. HP: 27/41 MP: 7/7
  3131 | D:4      | Killed an ogre
  3132 | D:4      | Reached skill level 6 in Unarmed Combat
  3426 | D:4      | Reached skill level 1 in Armour
  3482 | D:4      | Reached XP level 6. HP: 39/48 MP: 8/8
  3533 | D:4      | Found Qiugirara's Assorted Antiques.
  4197 | D:5      | Entered Level 5 of the Dungeon
  4319 | D:5      | Reached XP level 7. HP: 44/57 MP: 9/9
  5105 | D:6      | Found a transporter.
  5106 | D:6      | Found a transporter.
  5106 | D:6      | Noticed PeterLawrence's ghost (novice MiFi)
  5376 | D:6      | Noticed a queen bee
  5760 | D:6      | You fall into a shaft and drop 2 floors!
  5794 | D:8      | Reached skill level 7 in Unarmed Combat
  5968 | D:8      | Reached XP level 8. HP: 46/58 MP: 10/10
  6489 | D:8      | Reached skill level 8 in Unarmed Combat
  7121 | D:7      | Reached skill level 5 in Fighting
  7121 | D:7      | Reached skill level 5 in Armour
  7121 | D:7      | Reached skill level 5 in Dodging
  7121 | D:7      | Reached XP level 9. HP: 74/74 MP: 11/11
  7124 | D:7      | Found a staircase to the Ecumenical Temple.
  7767 | D:6      | Reached skill level 9 in Unarmed Combat
  7923 | D:7      | Noticed Joseph
  7952 | D:7      | Killed Joseph
  8301 | D:7      | Noticed Dowan
  8303 | D:7      | Noticed Duvessa
  8318 | D:7      | Killed Dowan
  9093 | D:7      | Killed Duvessa
 10651 | D:9      | Reached XP level 10. HP: 72/83 MP: 13/13
 10837 | D:9      | Found Ored's Magic Scroll Shop.
 10852 | D:9      | Bought a scroll of teleportation for 33 gold pieces
 10852 | D:9      | Bought a scroll of teleportation for 33 gold pieces
 11197 | D:10     | Entered Level 10 of the Dungeon
 11495 | D:9      | Reached skill level 10 in Unarmed Combat
 12148 | D:10     | Found Megiw's Antique Armour Emporium.
 12172 | D:10     | Found a staircase to the Lair.
 12322 | D:10     | Found Teov Guh's Weapon Shoppe.
 12322 | D:10     | Found Xohuvab's Magic Scroll Boutique.
 12331 | D:10     | Found Buwkor's Magic Scroll Shoppe.
 12628 | D:9      | Reached skill level 11 in Unarmed Combat
 12679 | D:10     | Found Abyfaal's Weapon Emporium.
 12912 | Lair:1   | Entered Level 1 of the Lair of Beasts
 12922 | Lair:1   | Reached XP level 11. HP: 92/92 MP: 14/14
 13009 | Lair:1   | Noticed Grum
 13025 | Lair:1   | Killed Grum
 13094 | Lair:1   | HP: 3/92 [black mamba (6)]
 13101 | Lair:1   | HP: 4/92 [black mamba (7)]
 13106 | Lair:1   | HP: 4/92 [poisoned by a black mamba]
 13207 | Lair:1   | Noticed a catoblepas
 13207 | Lair:1   | Noticed Fannar
 13269 | D:11     | Noticed Urug
 13288 | D:11     | Killed Urug
 13328 | D:11     | Noticed Sonja
 13587 | D:11     | Found a runed translucent door.
 13588 | D:11     | Noticed adept's ghost (journeyman DDBe)
 13588 | D:11     | Noticed a +1 hand axe of chaos
 13672 | D:11     | Killed Sonja
 14042 | D:11     | Identified the Grimoire of Confrontation
 14212 | D:12     | Noticed a boulder beetle
 14360 | D:6      | HP: 2/94 [killer bee (7)]
 14361 | D:6      | Succumbed to a killer bee's poison

Illustrated notes

Levels and vault maps discovered:
D:1:      ebering_hopf_link, layout_loops_ring, item_on_display_a
D:2:      layout_basic, nicolae_overflow_hidden_temple, minmay_heptomino_o4
D:3:      layout_rooms, general_overflow_altar
D:4:      layout_loops_cross, nemelex_xobeh_ov_fountains_minmay, serial_shops,
          shop_statue
D:5:      minmay_evil_eye, layout_basic, lemuel_doored_altar, basic_altar
D:6:      layout_loops_ring, kennysheep_mini, gammafunk_ghost_hive
D:7:      layout_loops_corners, minmay_temple_entry_hall,
          minmay_manual_monstrance, uniq_duvessa, uniq_joseph
D:8:      layout_layer_cave, serial_bayou_pond_b, serial_bayou_pond_c
D:9:      layout_irregular_city, serial_shops, nicolae_shop_waterfront,
          led_sif_book
D:10:     layout_rooms, erik_lair_island, serial_shops, shop,
          nicolae_shop_waterfront, shop, shop_statue, shop_statue, bloody_trog
D:11:     layout_loops_ring, ebering_ghost_xom, kennysheep_generic_room_12,
          uniq_sonja, uniq_urug
D:12:     layout_roguey, orc_0_dummy, grunt_ministairs_7, drop_trap
Lair:1:   layout_hall_layers, minmay_shattered_shrine,
          infiniplex_staircase_pool_2, uniq_maggie, uniq_fannar, uniq_grum

Skill      XL: |  1  2  3  4  5  6  7  8  9 10 |
---------------+-------------------------------+-----
Unarmed Combat | 3 4 5 6 7 8 9 11 | 11.7
Fighting       | 2 3 5 6 7 |  7.9
Armour         | 1 3 5 6 7 |  7.9
Dodging        | 3 5 6 7 |  7.9
Throwing       | |  1.7

Action                   |  1- 3 |  4- 6 |  7- 9 | 10-12 || total
-------------------------+-------+-------+-------+-------++-------
Melee: Unarmed           |   224 |   191 |   667 |   516 ||  1598
       Punch             |     7 |     3 |    31 |    41 ||    82
Throw: Throwing net      |     1 |     4 |     1 |     2 ||     8
       Boomerang         |       |       |     1 |     9 ||    10
Evoke: Wand              |       |       |     1 |     1 ||     2
  Use: Scroll            |     7 |     8 |     7 |     3 ||    25
       Potion            |       |     1 |     3 |     7 ||    11
 Stab: Held in net/web   |     1 |     6 |     1 |     6 ||    14
Armor: Scale mail        |    84 |    22 |       |       ||   106
       Plate armour      |       |    81 |   424 |   314 ||   819
Dodge: Dodged            |    87 |    63 |   224 |   253 ||   627

Table legend: (Time is in decaauts)
 A = Elapsed time spent in this place.
 B = Non-inter-level travel time spent in this place.
 C = Inter-level travel time spent in this place.
 D = Time resting spent in this place.
 E = Time spent auto-exploring this place.
 F = Levels seen in this place.
 G = Mean time per level.
                   A        B        C        D        E       F      G
               +--------+--------+--------+--------+--------+-----+--------+
         Total |  14115 |  13429 |    686 |   3984 |   6716 |  13 | 1085.8 |
       Dungeon |  13842 |  13156 |    686 |   3891 |   6681 |  12 | 1153.5 |
          Lair |    272 |    272 |      0 |     93 |     35 |   1 |  272.0 |
               +--------+--------+--------+--------+--------+-----+--------+

Top non-repeatable levels by time:
     D:8: 2057 daAuts
     D:9: 1715 daAuts
     D:6: 1495 daAuts
     D:7: 1436 daAuts
     D:2: 1430 daAuts
     D:5: 1234 daAuts
     D:3: 1061 daAuts
     D:4: 916 daAuts
    D:11: 904 daAuts
    D:10: 758 daAuts
     D:1: 754 daAuts
  Lair:1: 272 daAuts
    D:12: 78 daAuts
